 Dungeon Crawl Stone Soup version 0.27.0-1-g7a089689b8 (webtiles) character file.

Game seed: 2030907809529863135

2837 PentaManta the Grappler (level 9, 0/79 HPs)
             Began as a Ghoul Monk on Aug 14, 2021.
             Was an Elder of Okawaru.
             Killed from afar by an orc wizard (2 damage)
             ... with a magic dart
             ... on level 6 of the Dungeon.
             The game lasted 00:13:43 (7961 turns).

PentaManta the Grappler (Ghoul Monk)                Turns: 7961, Time: 00:13:43

Health: 0/79       AC: 12    Str: 18    XL:     9   Next: 74%
Magic:  0/17       EV:  8    Int:  5    God:    Okawaru [****..]
Gold:   346        SH:  0    Dex: 11    Spells: 8/8 levels left

rFire    . . .     SeeInvis .     - Unarmed
rCold    + . .     Faith    .   (no shield)
rNeg     + + +     Spirit   +   y - +0 chain mail
rPois    ∞         Reflect  .   (no helmet)
rElec    .         Harm     .   r - +0 cloak
rCorr    .         Rampage  .   (no gloves)
Will     .....                  p - +0 pair of boots
Stlth    ..........             j - amulet of guardian spirit
HPRegen  0.00/turn              o - ring of magical power
MPRegen  0.15/turn              (no ring)

@: inhibited regen
A: claws 1, cold resistance 1, negative energy resistance 3, inhibited
regeneration, torment resistance 2
a: Renounce Religion, Heroism


You were on level 6 of the Dungeon.
You worshipped Okawaru.
Okawaru was greatly pleased with you.
You visited 2 branches of the dungeon, and saw 11 of its levels.

You collected 346 gold pieces.

Inventory:

Missiles
 n - 10 poisoned darts (quivered)
 q - 13 boomerangs
Armour
 g - a +0 scale mail
 p - a +0 pair of boots (worn)
 r - a +0 cloak (worn)
 x - the +1 leather armour of Foolhardiness {SInv}
   (You took it off an orc on level 3 of the Dungeon)

   SInv:      It lets you see invisible.
 y - a +0 chain mail (worn)
 z - a +0 pair of gloves
 A - a +0 plate armour
Jewellery
 j - an amulet of guardian spirit (around neck)
 o - a ring of magical power (left claw)
Scrolls
 b - a scroll of amnesia
 d - a scroll of teleportation
 e - a scroll of magic mapping
 l - a scroll of fog
 s - a scroll of enchant armour
Potions
 c - 2 potions of magic
 f - a potion of invisibility
 i - 3 potions of attraction
 k - a potion of lignification
 t - a potion of might
 v - a potion of haste


   Skills:
 * Level 7.5 Fighting
 * Level 5.4 Armour
 - Level 2.6 Dodging
 - Level 2.1 Stealth
 + Level 11.0 Unarmed Combat


You had 8 spell levels left.
You didn't know any spells.
Your spell library contained the following spells:

 Spells                   Type           Power      Damage    Failure   Level
 Animate Skeleton         Necr           0%         N/A       99%         1
 Apportation              Tloc           0%         N/A       99%         1
 Corona                   Hex            0%         N/A       99%         1
 Sting                    Tmut/Pois      0%         1d3       99%         1
 Summon Small Mammal      Summ           0%         N/A       99%         1
 Ensorcelled Hibernation  Hex/Ice        0%         N/A       100%        2
 Poisonous Vapours        Pois/Air       0%         N/A       100%        2
 Call Canine Familiar     Summ           0%         N/A       100%        3
 Portal Projectile        Hex/Tloc       0%         N/A       100%        3
 Leda's Liquefaction      Hex/Erth       0%         N/A       100%        4
 Olgreb's Toxic Radiance  Pois           0%         N/A       100%        4
 Shadow Creatures         Summ           N/A        N/A       100%        6
 Spider Form              Tmut/Pois      Unusable   N/A       N/A         3

Dungeon Overview and Level Annotations

Branches:
Dungeon (10/15)            Temple (1/1) D:6
   Lair: D:8-11         Orc: D:9-12

Altars:
Cheibriados
Dithmenos
Elyvilon
Fedhas
Gozag
Hepliaklqana
Makhleb
Okawaru
Qazlal
Ru
Uskayaw
Vehumet
Wu Jian
Xom
Yredelemnul
Beogh

Annotations:
D:7 Duvessa


Innate Abilities, Weirdness & Mutations

You thrive by killing the living.
You are immune to poison.
You have sharp fingernails.
Your flesh is cold resistant. (rC+)
You are immune to negative energy. (rN+++)
You do not regenerate when monsters are visible.
You are immune to unholy pain and torment.


Message History

You claw the slime creature!
The slime creature is moderately wounded.
The slime creature hits you! The slime creature hits you.
You mangle the slime creature!!
The slime creature is severely wounded.
Something hits you but does no damage. The slime creature closely misses you.
Something hits you but does no damage.
Two slime creatures merge to form a large slime creature.
You completely miss something. You scratch the large slime creature.
The large slime creature is moderately wounded.
You claw the large slime creature!
The large slime creature is heavily wounded.
The large slime creature hits you!
You mangle the large slime creature!!
The large slime creature is heavily wounded.
You scratch the large slime creature but do no damage.
The large slime creature is heavily wounded.
The large slime creature hits you!!
* * * LOW HITPOINT WARNING * * *
You mangle the large slime creature!!
The large slime creature is severely wounded.
The large slime creature hits you!
* * * LOW HITPOINT WARNING * * *
It was a potion of cancellation.
You feel magically purged. The large slime creature hits you.
* * * LOW HITPOINT WARNING * * *
Okay, then.
Okay, then.
Press: ? - help, v - describe, . - travel
Here: a large slime creature (severely wounded)
The floor.
There is an open door here.
An orc wizard appears from thin air!
Reactivating autopickup.
There is a stone staircase leading up here.
A large slime creature splits.
The orc wizard points at you and mumbles some strange words.
The magic dart hits you.
You die...

#....#...#.....#...#........
#....#####.....##.##.##.###.
##'##.....#######.##<##.###.
#..#.....#.....#........#..
#..#.....'.....#........#..
#..#....o#############..###
########.......#....##..#
#..JJ...#.....#..#
#..@....'.....#..#
#.......########## #########


You could see 2 slime creatures and an orc wizard.

Vanquished Creatures
  Joseph (D:7)
  Grinder (D:4)
  Prince Ribbit (D:6)
  A water moccasin (D:6)
  3 black bears
  3 ogres
  The ghost of happy the Sneak, an amateur OpAM of Trog (D:3)
  2 phantoms
  A kobold brigand (D:6)
  3 scorpions
  A water moccasin skeleton (D:5)
  5 wights (D:8)
  A howler monkey (D:6)
  3 jellies
  3 bullfrog zombies
  3 hounds
  An orc priest (D:6)
  A centaur skeleton (D:6)
  An iguana (D:4)
  2 orc wizards (D:6)
  2 howler monkey skeletons
  3 adders
  2 gnolls (D:7)
  8 river rats (D:6)
  A shadow imp (D:5)
  3 ufetubi
  2 worms (D:3)
  2 dart slugs
  The ghost of RepoMan the Sneak, a weakling SpDe (D:6)
  15 orcs
  6 ball pythons
  7 endoplasms
  8 goblins
  6 hobgoblins
  4 jackals
  8 quokkas
  8 bats
  2 frilled lizards
  7 kobolds
  17 rats
150 creatures vanquished.

Vanquished Creatures (others)
  2 plants (D:2)
2 creatures vanquished.

Grand Total: 152 creatures vanquished

Notes
Turn   | Place    | Note
-------+----------+-------------------------------------------
     0 | D:1      | PentaManta the Ghoul Monk began the quest for the Orb.
     0 | D:1      | Reached XP level 1. HP: 19/19 MP: 0/0
   225 | D:1      | Found a faded altar of an unknown god.
   254 | D:1      | Reached XP level 2. HP: 26/26 MP: 1/1
   257 | D:1      | Reached skill level 4 in Unarmed Combat
   801 | D:2      | Reached XP level 3. HP: 28/31 MP: 2/2
  1166 | D:2      | Reached skill level 5 in Unarmed Combat
  1565 | D:3      | Found a burning altar of Makhleb.
  1566 | D:3      | Noticed a phantom
  1574 | D:3      | Killed a phantom
  1575 | D:3      | Reached skill level 6 in Unarmed Combat
  1575 | D:3      | Reached XP level 4. HP: 33/38 MP: 3/3
  1575 | D:3      | Reached XP level 5. HP: 39/45 MP: 4/4
  1943 | D:3      | Found an iron altar of Okawaru.
  2142 | D:3      | Became a worshipper of Warmaster Okawaru
  2142 | D:3      | Reached * piety under Okawaru
  2142 | D:3      | Reached ** piety under Okawaru
  2286 | D:3      | Found a runed translucent gate.
  2286 | D:3      | Found a runed translucent gate.
  2288 | D:3      | Found a runed translucent gate.
  2288 | D:3      | Identified the +7 mace of Exquisite Torment {drain, rF-
                  | Int+4 Dex+3 Stlth+}
  2288 | D:3      | Identified the +1 leather armour of Foolhardiness {SInv}
  2289 | D:3      | Noticed happy's ghost (amateur OpAM)
  3122 | D:4      | Noticed Grinder
  3126 | D:4      | Reached skill level 7 in Unarmed Combat
  3133 | D:4      | Paralysed by Grinder for 5 turns
  3143 | D:4      | Killed Grinder
  3144 | D:4      | Reached skill level 8 in Unarmed Combat
  3144 | D:4      | Reached XP level 6. HP: 22/51 MP: 1/5
  3473 | D:4      | Found a blossoming altar of Fedhas.
  3684 | D:4      | Noticed a black bear
  3693 | D:4      | Killed a black bear
  3694 | D:4      | Reached XP level 7. HP: 49/57 MP: 6/6
  3964 | D:5      | Entered Level 5 of the Dungeon
  3975 | D:5      | Reached skill level 9 in Unarmed Combat
  4127 | D:5      | Reached *** piety under Okawaru
  4347 | D:5      | Reached skill level 10 in Unarmed Combat
  4347 | D:5      | Reached XP level 8. HP: 50/63 MP: 7/7
  4437 | D:5      | Reached skill level 1 in Armour
  4842 | D:5      | Found a stormy altar of Qazlal.
  5064 | D:6      | Found a staircase to the Ecumenical Temple.
  5138 | Temple   | Entered the Ecumenical Temple
  5392 | D:6      | Found a hide-covered altar of Uskayaw.
  5503 | D:6      | Reached skill level 5 in Fighting
  5761 | D:6      | Noticed RepoMan's ghost (weakling SpDe)
  5777 | D:6      | Reached **** piety under Okawaru
  5778 | D:6      | Reached XP level 9. HP: 60/75 MP: 8/8
  5790 | D:6      | Found a runed translucent door.
  6504 | D:6      | Killed RepoMan's ghost
  6698 | D:3      | Killed happy's ghost
  7004 | D:7      | Noticed Prince Ribbit
  7004 | D:7      | Noticed Joseph
  7005 | D:7      | Noticed Duvessa
  7012 | D:6      | Killed Prince Ribbit
  7257 | D:10     | Entered Level 10 of the Dungeon
  7485 | D:7      | Killed Joseph
  7486 | D:7      | Reached skill level 5 in Armour
  7486 | D:7      | Reached skill level 11 in Unarmed Combat
  7881 | D:7      | Identified the +3 leather armour of Tahiku {Harm rPois rN++
                  | Will-}
  7946 | D:6      | HP: 2/79 [large slime creature (3)]
  7961 | D:6      | Killed from afar by an orc wizard

Illustrated notes

Levels and vault maps discovered:
D:1:      psy_arrival_dodecagon, layout_basic, basic_ecumenical_altar
D:2:      layout_loops_ring, serial_bayou_pond_c, grunt_decor_resistance
D:3:      layout_basic, mainiacjoe_overflow_surrounded_room,
          nicolae_overflow_hidden_temple, biasface_ghost_orc_armoury,
          chequers_garden, hangedman_abyss_or_decor_stabs, minmay_parallelograms
D:4:      layout_layer_cave, mainiacjoe_overflow_alcove_1, uniq_grinder
D:5:      layout_gridville, grunt_qazlal_clouds
D:6:      lemuel_ratsnest, layout_gridville, mainiacjoe_overflow_24_doors,
          minmay_temple_entry_large_hall, hellmonk_ghost_happy_afterlife
D:7:      layout_loops_cross, grunt_temple_overflow_open, uniq_prince_ribbit1,
          uniq_duvessa, uniq_harold, uniq_joseph
D:8:      minmay_the_grid_octo_2x2 [minmay_the_grid_octo_fat_diamond,
          minmay_the_grid_octo_77, minmay_the_grid_octo_shrine,
          minmay_the_grid_octo_prize_star], layout_loops_corners, bloody_trog,
          uniq_erica, uniq_psyche, uniq_gastronok
D:9:      layout_irregular_city, tso_metal_star, nicolae_ashenzari_skybound,
          ebering_ghost_reflecting_pool, minmay_lindwurm_lava
D:10:     layout_loops_corners, jmf_multi_god_temple2
Temple:   jpeg_temple_alley_garden

Skill      XL: |  1  2  3  4  5  6  7  8  9 |
---------------+----------------------------+-----
Unarmed Combat | 4 6 8 10 11 | 11.0
Armour         | 3 5 |  5.4
Fighting       | 5 7 |  7.5
Dodging        | |  2.6
Stealth        | |  2.1

Action                   |  1- 3 |  4- 6 |  7- 9 || total
-------------------------+-------+-------+-------++-------
Melee: Unarmed           |   103 |    90 |   328 ||   521
       Punch             |       |     3 |     9 ||    12
Throw: Dart              |       |       |     4 ||     4
Invok: Heroism           |       |     2 |       ||     2
  Use: Scroll            |       |       |    13 ||    13
       Potion            |       |       |     3 ||     3
 Stab: Sleeping          |     2 |       |       ||     2
Armor: Robe              |     8 |       |       ||     8
       Ring mail         |    15 |    29 |    95 ||   139
       Chain mail        |       |       |    10 ||    10
Dodge: Dodged            |    60 |    46 |   138 ||   244
